 Dungeon Crawl Stone Soup version 0.25-a0-42-g6c54e25894 (webtiles) character file.

Game seed: 3484787652889369922, levelgen mode: deterministic

7306 Gumption the Scholar of Death (level 11, -1/81 HPs)
             Began as a Human Necromancer on Oct 22, 2019.
             Was a Follower of Kikubaaqudgha.
             Slain by a manticore (8 damage)
             ... on level 11 of the Dungeon.
             The game lasted 03:47:48 (15786 turns).

Gumption the Scholar of Death (Human Necromancer)  Turns: 15786, Time: 03:47:49

Health: -1/81      AC: 12    Str: 13    XL:     11   Next: 34%
Magic:  7/21       EV: 16    Int: 18    God:    Kikubaaqudgha [*.....]
Gold:   235        SH:  7    Dex: 13    Spells: 3/24 levels left

rFire    . . .     SeeInvis +   a - +3 spear (venom)
rCold    + . .     Gourm    .   l - +2 buckler
rNeg     . . .     Faith    .   L - +0 steam dragon scales
rPois    .         Spirit   .   (no helmet)
rElec    .         Reflect  .   A - +2 cloak of the Thief {+Fog Slay-2 SInv Stlth+}
rCorr    .         Harm     .   o - +2 pair of gloves
MR       .....                  f - +0 pair of boots
Stlth    +++.......             t - amulet of regeneration
HPRegen  0.63/turn              i - +3 ring of strength
MPRegen  0.17/turn              G - ring of protection from cold

@: no status effects
A: no striking features
a: Receive Corpses, Renounce Religion, Evoke Fog


You were on level 11 of the Dungeon.
You worshipped Kikubaaqudgha.
Kikubaaqudgha was aware of your devotion.
You were not hungry.

You visited 2 branches of the dungeon, and saw 12 of its levels.

You collected 460 gold pieces.
You spent 225 gold pieces at shops.

Inventory:

Hand Weapons
 a - a +3 spear of venom (weapon)
 b - a +0 hunting sling
 w - a +1 whip of electrocution
Missiles
 d - 169 stones
 j - 2 boomerangs
 v - 20 sling bullets
 y - a throwing net
 F - 13 poisoned darts
 I - 4 javelins (quivered)
Armour
 f - a +0 pair of boots (worn)
 l - a +2 buckler (worn)
 o - a +2 pair of gloves (worn)
 A - the +2 cloak of the Thief (worn) {+Fog Slay-2 SInv Stlth+}
   (You found it on level 6 of the Dungeon)

   It affects your accuracy and damage with ranged weapons and melee attacks
   (-2).
   It lets you see invisible.
   It makes you more stealthy.
 L - +0 steam dragon scales (worn)
Jewellery
 g - a cursed -2 ring of intelligence {unknown}
 i - a +3 ring of strength (left hand)
 t - an amulet of regeneration (around neck)
 u - an uncursed amulet of faith
 G - a ring of protection from cold (right hand)
Wands
 m - a wand of flame (35)
 q - a wand of digging (6)
 x - a wand of enslavement (7)
 z - a wand of clouds (5)
 C - a wand of polymorph (11)
 E - a wand of random effects (22)
Scrolls
 c - 5 scrolls of teleportation
 h - a scroll of immolation
 p - a scroll of blinking
 J - a scroll of fear
Potions
 k - 2 potions of lignification
 n - 3 potions of curing
 r - a potion of might
 B - a potion of brilliance
 D - a potion of resistance {unknown}
 H - a potion of magic {unknown}
Comestibles
 e - 11 rations


   Skills:
 + Level 6.1 Fighting
 + Level 7.2 Dodging
 - Level 4.0 Stealth
 - Level 4.1 Shields
 + Level 7.1 Spellcasting
 - Level 3.1 Charms
 + Level 3.3 Summonings
 * Level 9.7 Necromancy
 + Level 2.4 Ice Magic


You had 3 spell levels left.
You knew the following spells:

 Your Spells              Type           Power        Failure   Level  Hunger
a - Pain                  Necr           ####         1%          1    None
b - Animate Dead          Necr           N/A          1%          4    ####...
c - Vampiric Draining     Necr           #####.....   1%          3    ##.....
d - Animate Skeleton      Necr           N/A          1%          1    None
e - Ozocubu's Armour      Chrm/Ice       ###.....     10%         3    ##.....
f - Summon Ice Beast      Ice/Summ       ###.....     32%         4    ####...
g - Sublimation of Blood  Necr           #####.....   1%          2    None
z - Regeneration          Chrm/Necr      ####......   2%          3    ##.....

Your spell library contained the following spells:

 Spells                   Type           Power        Failure   Level  Hunger
 Corpse Rot               Necr           N/A          1%          2    None
 Freeze                   Ice            ###.         4%          1    None
 Throw Frost              Conj/Ice       ##....       10%         2    None
 Sting                    Conj/Pois      #...         11%         1    None
 Poisonous Vapours        Pois/Air       #.....       16%         2    None
 Mephitic Cloud           Conj/Pois/Air  #.......     32%         3    ##.....
 Throw Icicle             Conj/Ice       ##......     54%         4    ####...
 Olgreb's Toxic Radiance  Pois           #.......     71%         4    ####...
 Iskenderun's Battlesphe  Conj/Chrm      ##......     83%         5    #####..
 Bolt of Magma            Conj/Fire/Erth #.........   96%         5    #####..
 Venom Bolt               Conj/Pois      #.........   96%         5    #####..
 Haunt                    Necr/Summ      ####......   99%         7    #######
 Iron Shot                Conj/Erth      #.........   100%        6    #######
 Orb of Destruction       Conj           #.........   100%        7    #######
 Spellforged Servitor     Conj/Summ      ##........   100%        7    #######
 Borgnjor's Revivificati  Necr           #####.....   100%        8    #######
 Death's Door             Chrm/Necr      ####......   100%        8    #######
 Infestation              Necr           #####.....   100%        8    #######
 Necromutation            Tmut/Necr      ###.......   100%        8    #######


Dungeon Overview and Level Annotations

Branches:
Dungeon (11/15)            Temple (1/1) D:6
   Lair: D:8-11         Orc: D:9-12

Altars:
Ashenzari
Cheibriados
Dithmenos
Elyvilon
Fedhas
Gozag
Hepliaklqana
Kikubaaqudgha
Makhleb
Nemelex Xobeh
Okawaru
Qazlal
Ru
Sif Muna
Trog
Uskayaw
Vehumet
Wu Jian
Xom
Yredelemnul
Zin
The Shining One

Shops:
D:8 [


Message History

Aiming: Vampiric Draining (safe; 1% risk of failure)
Press: ? - help, Shift-Dir - straight line, f/p - manticore
Aim: a manticore (heavily wounded)
The manticore is severely wounded.
You feel life coursing into your body. The manticore bites you!!
* * * LOW HITPOINT WARNING * * *
The manticore claws you!
* * * LOW HITPOINT WARNING * * *
The manticore claws you.
* * * LOW HITPOINT WARNING * * *
Unknown command.
Casting: Vampiric Draining (safe; 1% risk of failure)
Confirm with . or Enter, or press ? or * to list all spells.
Aiming: Vampiric Draining (safe; 1% risk of failure)
Press: ? - help, Shift-Dir - straight line, f/p - manticore
Aim: a manticore (severely wounded)
The manticore is almost dead.
You feel life coursing into your body. The manticore bites you!
You die...
Kikubaaqudgha rasps: "You have failed me!
Welcome... death!"

# #..
.....#####.#
.......@H..#
.....#######
... .


You could see a manticore.

Vanquished Creatures
  A two-headed ogre (D:10)
  Pikel (D:6)
  An ugly thing (D:10)
  Grinder (D:6)
  2 hippogriffs
  Sigmund (D:5)
  Eustachio (D:4)
  A steam dragon (D:10)
  A hungry ghost (D:8)
  Duvessa (D:4)
  2 water moccasins (D:9)
  3 ice beasts
  2 orc warriors
  3 sky beasts
  2 slaves (D:7)
  5 phantoms
  2 ogres
  2 centaurs
  A big kobold (D:8)
  2 bullfrogs
  A gnoll sergeant (D:9)
  Dowan (D:4)
  6 scorpions
  9 killer bees
  12 wights
  3 howler monkeys
  2 centaur zombies
  A bullfrog zombie (D:6)
  A jelly (D:6)
  2 centaur skeletons
  2 hounds (D:4)
  An orc priest (D:7)
  5 orc wizards
  An iguana (D:10)
  3 worker ants
  10 adders
  10 gnolls
  2 shadow imps
  An ooze (D:2)
  3 adder skeletons
  7 worms
  5 dart slugs
  7 leopard geckos
  18 orcs
  2 ball pythons (D:3)
  7 giant cockroaches
  11 goblins
  7 hobgoblins
  14 jackals
  7 quokkas
  3 bats
  4 frilled lizards (D:1)
  A giant cockroach zombie (D:5)
  16 kobolds
  4 leopard gecko skeletons
  2 quokka zombies
  3 rats
229 creatures vanquished.

Vanquished Creatures (collateral kills)
  A wyvern (D:10)
  A water moccasin (D:4)
  A sky beast (D:9)
  An ogre (D:8)
  2 centaurs
  A bullfrog skeleton (D:9)
  A worker ant (D:8)
  A gnoll (D:3)
  An adder (D:3)
  2 orcs
  4 jackals
  A ball python (D:1)
  A bat (D:1)
  A kobold (D:1)
  A rat (D:2)
20 creatures vanquished.

Grand Total: 249 creatures vanquished

Notes
Turn   | Place    | Note
-------+----------+-------------------------------------------
     0 | D:1      | Gumption the Human Necromancer began the quest for the Orb.
     0 | D:1      | Reached XP level 1. HP: 13/13 MP: 3/3
     3 | D:1      | Learned a level 1 spell: Animate Skeleton
   359 | D:1      | Reached XP level 2. HP: 18/19 MP: 1/5
   721 | D:1      | Reached XP level 3. HP: 12/24 MP: 3/6
  1331 | D:1      | Learned a level 3 spell: Vampiric Draining
  2008 | D:2      | Reached XP level 4. HP: 30/30 MP: 5/7
  2056 | D:2      | Reached skill level 5 in Necromancy
  2274 | D:2      | Learned a level 3 spell: Regeneration
  2695 | D:2      | Found a stormy altar of Qazlal.
  3250 | D:3      | Reached XP level 5. HP: 35/35 MP: 7/9
  4536 | D:3      | Reached skill level 6 in Necromancy
  4544 | D:3      | Reached XP level 6. HP: 37/41 MP: 4/11
  4756 | D:4      | Learned a level 4 spell: Animate Dead
  4987 | D:4      | Reached skill level 1 in Fighting
  5322 | D:4      | Reached XP level 7. HP: 47/48 MP: 8/12
  5441 | D:4      | Noticed a water moccasin
  5453 | D:4      | Killed a water moccasin
  5679 | D:4      | Noticed Eustachio
  5969 | D:4      | Killed Eustachio
  5969 | D:4      | Reached XP level 8. HP: 43/57 MP: 2/14
  6162 | D:4      | Noticed Duvessa
  6167 | D:4      | Noticed Dowan
  6180 | D:4      | Killed Duvessa
  6194 | D:4      | Killed Dowan
  6194 | D:4      | Reached skill level 7 in Necromancy
  6350 | D:4      | Found a shadowy altar of Dithmenos.
  6651 | D:4      | Found a hazy altar of Hepliaklqana.
  6652 | D:4      | Found a shimmering altar of Xom.
  6652 | D:4      | Noticed a Killer Klown
  6653 | D:4      | Noticed a Killer Klown
  6653 | D:4      | Noticed a spectral ugly thing
  6739 | D:5      | Entered Level 5 of the Dungeon
  7002 | D:5      | Noticed Sigmund
  7401 | D:5      | Reached skill level 5 in Spellcasting
  7672 | D:5      | Reached skill level 1 in Charms
  8210 | D:5      | Killed Sigmund
  8210 | D:5      | Reached XP level 9. HP: 49/65 MP: 9/16
  8485 | D:6      | Found a staircase to the Ecumenical Temple.
  8495 | Temple   | Entered the Ecumenical Temple
  8594 | D:6      | Reached skill level 5 in Dodging
  9004 | D:6      | Found the +2 cloak of the Thief {+Fog Slay-2 SInv Stlth+}
  9299 | D:6      | Noticed Grinder
  9341 | D:6      | Paralysed by Grinder for 4 turns
  9383 | D:6      | Killed Grinder
  9712 | D:7      | Reached skill level 8 in Necromancy
  9757 | D:7      | Reached skill level 5 in Fighting
 10409 | D:7      | Reached XP level 10. HP: 66/74 MP: 19/19
 10416 | D:7      | Learned a level 3 spell: Ozocubu's Armour
 10421 | D:7      | Learned a level 4 spell: Summon Ice Beast
 10484 | D:7      | Noticed Pikel
 10927 | D:7      | Reached skill level 1 in Summonings
 11122 | D:6      | Killed Pikel
 11122 | D:6      | Reached skill level 1 in Ice Magic
 11339 | D:7      | Found an ancient bone altar of Kikubaaqudgha.
 11339 | D:7      | Found a sparkling altar of Nemelex Xobeh.
 11347 | D:7      | Found a blossoming altar of Fedhas.
 11350 | D:7      | Became a worshipper of Kikubaaqudgha
 11354 | D:7      | Found a faded altar of an unknown god.
 11355 | D:7      | Found a stormy altar of Qazlal.
 11950 | D:8      | Found Miery's Antique Armour Shop.
 11955 | D:8      | Bought a shiny buckler for 225 gold pieces
 12161 | D:8      | Reached skill level 1 in Shields
 13473 | D:9      | Found a radiant altar of Vehumet.
 14046 | D:9      | Reached * piety under Kikubaaqudgha
 14046 | D:9      | Identified Kikubaaqudgha's Guide on Necromancy
                  | (Kikubaaqudgha gifted it to you on level 9 of the Dungeon)
 14046 | D:9      | Received a gift from Kikubaaqudgha
 14161 | D:9      | Learned a level 2 spell: Sublimation of Blood
 14401 | D:10     | Entered Level 10 of the Dungeon
 14405 | D:10     | Noticed a two-headed ogre
 14527 | D:10     | Reached skill level 9 in Necromancy
 14527 | D:10     | Reached XP level 11. HP: 79/81 MP: 14/21
 14630 | D:10     | Noticed a purple ugly thing
 14653 | D:10     | Killed a purple ugly thing
 15045 | D:10     | Killed a two-headed ogre
 15774 | D:11     | Noticed a manticore
 15785 | D:11     | HP: 4/81 [manticore (8)]
 15785 | D:11     | HP: 1/81 [manticore (3)]
 15786 | D:11     | Slain by a manticore

Levels and vault maps discovered:
D:1:      wander_arrival_estate, layout_loops_ring
D:2:      layout_basic, minmay_statues_item, st_stairs_8,
          nicolae_qazlal_eye_of_the_storm
D:3:      layout_rooms
D:4:      layout_loops_ring, regret_index_temple_of_mockery,
          grunt_dithmenos_shadows, st_stairs_14, minmay_between, uniq_eustachio,
          uniq_duvessa
D:5:      layout_cave_pods, first_ration, uniq_sigmund
D:6:      layout_loops_ring, minmay_temple_entry_grid, uniq_grinder
D:7:      layout_loops_corners, chequers_temple_overflow_minitemple,
          grunt_tough_drop, uniq_pikel
D:8:      layout_layer_cave, serial_shops, shop
D:9:      layout_small_grid, basic_altar
D:10:     layout_basic
D:11:     layout_loops_ring, lair_entry_dummy, david_orc_4, serial_shops,
          nicolae_shop_stone, shop, shop, nicolae_shop_overgrown_old_shop,
          hangedman_pestilent_swarm, evilmike_ruin_ashenzari
Temple:   eino_wide_crystal_templ

Skill      XL: |  1  2  3  4  5  6  7  8  9 10 11 |
---------------+----------------------------------+-----
Necromancy     | 5 6 7 8 9 |  9.7
Spellcasting   | 3 4 5 6 7 |  7.1
Fighting       | 1 2 4 5 6 |  6.1
Dodging        | 3 4 5 6 7 |  7.2
Charms         | 1 3 |  3.1
Summonings     | 3 |  3.3
Stealth        | 4 |  4.0
Ice Magic      | 2 |  2.4
Shields        | 2 4 |  4.1

Action                   |  1- 3 |  4- 6 |  7- 9 | 10-12 || total
-------------------------+-------+-------+-------+-------++-------
Melee: Short sword       |    16 |    70 |    92 |       ||   178
       Rapier            |       |       |   285 |     9 ||   294
       Spear             |       |       |     5 |   106 ||   111
       Whip              |       |       |       |    86 ||    86
 Fire: Hunting sling     |       |       |    71 |    18 ||    89
Throw: Stone             |     3 |    17 |    22 |       ||    42
       Javelin           |       |    11 |       |     4 ||    15
       Boomerang         |       |       |    10 |    28 ||    38
 Cast: Pain              |    66 |   128 |   129 |   161 ||   484
       Animate Skeleton  |    11 |    28 |    15 |     6 ||    60
       Animate Dead      |       |       |     2 |    13 ||    15
       Regeneration      |       |       |     3 |     8 ||    11
       Vampiric Draining |       |       |     2 |     9 ||    11
       Summon Ice Beast  |       |       |       |     4 ||     4
       Sublimation of Bl |       |       |       |     2 ||     2
  Use: Potion            |       |     3 |     2 |     3 ||     8
       Scroll            |       |     8 |     8 |     4 ||    20
 Stab: Sleeping          |     2 |     2 |     1 |     3 ||     8
  Eat: Chunk             |     4 |    11 |     7 |    15 ||    37
       Ration            |       |       |     3 |     4 ||     7
Armor: Robe              |     3 |    11 |       |       ||    14
       Leather armour    |       |     5 |    75 |    49 ||   129
       Skin              |       |     5 |       |   159 ||   164
       Steam dragon scal |       |       |       |    16 ||    16
Dodge: Dodged            |     9 |    63 |   222 |   149 ||   443
Block: Buckler           |       |       |       |    75 ||    75

Table legend:
 A = Non-vault XP
 B = Vault XP
 C = Vault XP percentage of total XP
 D = Non-vault monster count
 E = Vault monster count
 F = Vault count percentage of total count
                 A         B        C        D         E       F
            +---------+---------+-------+---------+---------+-------
      Total |    8653 |    1785 |  17.1 |     232 |      15 |   6.1
            +---------+---------+-------+---------+---------+-------
        D:1 |      61 |       0 |   0.0 |      31 |       0 |   0.0
        D:2 |      69 |       2 |   2.8 |      24 |       1 |   4.0
        D:3 |     168 |       0 |   0.0 |      36 |       0 |   0.0
        D:4 |     602 |     548 |  47.7 |      25 |       9 |  26.5
        D:5 |     451 |     223 |  33.1 |      18 |       1 |   5.3
        D:6 |     733 |     889 |  54.8 |      15 |       2 |  11.8
        D:7 |    1257 |     123 |   8.9 |      21 |       2 |   8.7
        D:8 |    1536 |       0 |   0.0 |      33 |       0 |   0.0
        D:9 |    1047 |       0 |   0.0 |      16 |       0 |   0.0
       D:10 |    2729 |       0 |   0.0 |      13 |       0 |   0.0
            +---------+---------+-------+---------+---------+-------
